 Dungeon Crawl Stone Soup version 0.21.1-1-g345015fe64 (webtiles) character file.

200 Jens78 the Insei (level 5, -7/33 HPs)
             Began as an Octopode Transmuter on June 7, 2018.
             Killed from afar by Chudej's ghost (13 damage)
             ... with a spray of energy
             ... on level 3 of the Dungeon.
             The game lasted 00:29:52 (3060 turns).

Jens78 the Insei (Octopode Transmuter)              Turns: 3060, Time: 00:29:52

Health: -7/33      AC:  1    Str:  9    XL:     5   Next: 79%
Magic:  2/9        EV: 14    Int: 15    God:
Gold:   161        SH:  0    Dex: 14    Spells: 0/10 levels left

rFire    . . .     SeeInvis .   v - wand of enslavement (13)
rCold    . . .     Gourm    .   (no shield)
rNeg     . . .     Faith    .   f - +0 hat
rPois    .         Spirit   .   (no amulet)
rElec    .         Reflect  .   (no ring)
rCorr    .         Harm     .   (no ring)
MR       .....                  (no ring)
Stlth    +++.......             (no ring)
HPRegen  0.11/turn              (no ring)
MPRegen  0.11/turn              (no ring)
                                (no ring)
                                (no ring)

@: appendage (expiring), very slightly contaminated
A: almost no armour, stealthy swim, amphibious, 8 rings, constrict 8, tentacle
spike 3, camouflage 1, gelatinous body 1
a: End Transformation


You were on level 3 of the Dungeon.
You were hungry.
One of your tentacles had a temporary spike.
You visited 1 branch of the dungeon, and saw 4 of its levels.

You collected 161 gold pieces.

Inventory:

Missiles
 a - 22 arrows
 h - 118 stones (quivered)
 q - 3 large rocks
 w - 16 bolts
Armour
 f - a +0 hat (worn)
Jewellery
 t - an uncursed ring of resist corrosion {unknown}
Wands
 v - a wand of enslavement (13) (in tentacle)
Scrolls
 e - a scroll of enchant weapon {unknown}
 k - a scroll of fog {unknown}
 l - 5 scrolls of identify {unknown}
 p - 2 scrolls of remove curse {unknown}
 s - a scroll of enchant armour {unknown}
 x - a scroll of magic mapping {unknown}
 y - a scroll of teleportation {unknown}
Potions
 d - a potion of resistance {unknown}
 g - a potion of might {unknown}
 i - a potion of brilliance {unknown}
 j - 2 potions of curing {unknown}
 m - 4 potions of invisibility {unknown}
 n - 2 potions of berserk rage {unknown}
 o - a potion of agility {unknown}
 r - a potion of degeneration {unknown}
 u - a potion of heal wounds {unknown}
Books
 b - a book of Changes

   Spells                             Type                      Level
   a - Beastly Appendage              Transmutation                1
   b - Sticks to Snakes               Transmutation                2
   c - Spider Form                    Transmutation/Poison         3
   d - Ice Form                       Ice/Transmutation            4
   e - Blade Hands                    Transmutation                5
Comestibles
 c - 8 rations
 z - 9 chunks of flesh


   Skills:
 - Level 1.0 Fighting
 - Level 2.3 Dodging
 + Level 0.6 Stealth
 - Level 4.0 Unarmed Combat
 - Level 3.2 Spellcasting
 - Level 3.1 Transmutations
 * Level 1.2 Ice Magic
 * Level 1.8 Poison Magic


You couldn't memorise any spells.
You knew the following spells:

 Your Spells              Type           Power        Failure   Level  Hunger
a - Beastly Appendage     Tmut           ##....       5%          1    #......
b - Sticks to Snakes      Tmut           ##......     9%          2    ##.....
c - Spider Form           Tmut/Pois      #.........   22%         3    ###....
d - Ice Form              Ice/Tmut       #.......     61%         4    #####..


Dungeon Overview and Level Annotations

Branches:
Dungeon (4/15)
 Temple: D:4-7

Altars:

Annotations:
D:3 Chudej's ghost, amateur DECj


Innate Abilities, Weirdness & Mutations

You cannot wear most types of armour.
You are very stealthy in the water. (Stealth+)
You are amphibious.
You can wear up to eight rings at the same time.
You can use your tentacles to constrict eight enemies at once.
Your skin changes colour to match your surroundings (Stealth+).
Your rubbery body absorbs attacks. (AC +1, EV +1)
One of your tentacles bears a large vicious spike.


Message History

You tentacle-slap Chudej's ghost but do no damage.
Chudej's ghost is lightly damaged.
Chudej's ghost hits you.
You tentacle-slap Chudej's ghost but do no damage.
Chudej's ghost is lightly damaged.
Chudej's ghost hits you.
You tentacle-slap Chudej's ghost but do no damage.
Chudej's ghost is lightly damaged.
Chudej's ghost hits you.
* * * LOW HITPOINT WARNING * * *
Wield which item (- for none, * to show all)? (? for menu, Esc to quit)
Okay, then.
Wield which item (- for none, * to show all)? (? for menu, Esc to quit)
v - a wand of enslavement (13) (in tentacle) Really attack while wielding your wand of enslavement (13)?
You closely miss Chudej's ghost.
Chudej's ghost is lightly damaged.
Chudej's ghost casts a spell at you. The spray of energy hits you!
You die...

#### ...# ##.# ##.##
############ ....#
#..........# ....#
#..........# ....#
########..........# ....#
#.....##..........####
#########....)##@............#
# #.........W.............# #
#.......................# #
#.......................# #
####...##..................# #
#......##..................#
###.#....##..................#
.........#...######..........#
###.#(...#.##...###..........#


You could see Chudej's ghost.

Vanquished Creatures
  A hound (D:3)
  A bullfrog skeleton (D:3)
  Ijyb (D:3)
  An adder (D:2)
  A worm (D:2)
  2 dart slugs (D:3)
  3 leopard geckos
  3 orcs (D:3)
  3 bats
  2 giant cockroaches
  6 goblins
  10 hobgoblins
  17 jackals
  2 quokkas
  8 frilled lizards
  9 kobolds
  7 rats
77 creatures vanquished.

Vanquished Creatures (collateral kills)
  2 adders
  A frilled lizard (D:3)
  A kobold (D:3)
4 creatures vanquished.

Vanquished Creatures (others)
  3 plants (D:3)
3 creatures vanquished.

Grand Total: 84 creatures vanquished

Notes
Turn   | Place    | Note
-------+----------+-------------------------------------------
     0 | D:1      | Jens78 the Octopode Transmuter began the quest for the Orb.
     0 | D:1      | Reached XP level 1. HP: 13/13 MP: 3/3
   259 | D:1      | Reached XP level 2. HP: 18/18 MP: 1/5
   557 | D:1      | Reached XP level 3. HP: 21/23 MP: 4/6
   773 | D:2      | Learned a level 2 spell: Sticks to Snakes
  1171 | D:3      | Noticed Ijyb
  1193 | D:2      | Learned a level 3 spell: Spider Form
  1301 | D:2      | Reached XP level 4. HP: 18/28 MP: 6/8
  2414 | D:3      | Reached XP level 5. HP: 33/33 MP: 5/9
  2521 | D:3      | Reached skill level 4 in Unarmed Combat
  2589 | D:3      | Noticed Chudej's ghost (amateur DECj)
  2589 | D:3      | Reached skill level 1 in Poison Magic
  2796 | D:2      | Learned a level 4 spell: Ice Form
  2851 | D:3      | Killed Ijyb
  2906 | D:3      | Reached skill level 1 in Ice Magic
  3060 | D:3      | Killed from afar by Chudej's ghost

Skill      XL: |  1  2  3  4  5 |
---------------+----------------+-----
Spellcasting   | 3 |  3.2
Transmutations | 3 |  3.1
Unarmed Combat | 4 |  4.0
Poison Magic   | 1 |  1.8
Ice Magic      | 1 |  1.2
Fighting       | |  1.0
Dodging        | |  2.3
Stealth        | |  0.6

Action                   |  1- 3 |  4- 6 || total
-------------------------+-------+-------++-------
Melee: Unarmed           |    88 |   112 ||   200
       Constrict         |    32 |    12 ||    44
       Kick              |    16 |    12 ||    28
       Tentacles         |    13 |     7 ||    20
       Punch             |     3 |     2 ||     5
Throw: Stone             |     1 |     3 ||     4
 Cast: Beastly Appendage |    24 |     9 ||    33
       Sticks to Snakes  |     3 |    10 ||    13
       Spider Form       |       |    11 ||    11
 Stab: Sleeping          |     2 |     1 ||     3
  Eat: Chunk             |     2 |     7 ||     9
Armor: Skin              |     7 |     8 ||    15
Dodge: Dodged            |    47 |    59 ||   106
